cohdb
Replays
Latest Replays
All Replays
Popular Replays
Top Player Replays
Match Explorer
How It Works
Community
CoH3 Stats
Reddit
Sign in to upload your games and track your stats! →
Sign in with Steam
Match 44711857
Unlisted
Match 44711857
Overview
Messages
Build Orders
End
Vickers Machine Gun Team
Construct Section Command Post
Infantry Section
Infantry Section
Infantry Section
Construct Platoon Command Post
6-pounder Anti-tank Gun Team
Unlock M3 Stuart Light Tanks
Grenade Package
Royal Engineer Section
M3 Stuart Light Tank
Unlock Bishop Self-propelled Artillery
Bishop Self-propelled Artillery
Selects Canadian Shock Battlegroup
Selects Attacking Spirit
Selects Canadian Shock Section
Canadian Shock Section
Royal Engineer Section
Selects Incendiary Munitions
Selects Pyrotechnics
6-pounder Anti-tank Gun Team
Construct Company Command Post
Crusader II Medium Tank
Rogozilla
ultimatron
pagep
7k this year for sure
0
0
Comments
sign in to comment!
No comments posted yet!